[Event "Titled Tuesday Blitz January 25 2022"]
[White "Siva Mahadevan"]
[Black "Pliukha, Myhajlo"]
[WhiteFideId "25043153"]
[BlackFideId "14164698"]
[WhiteElo "2203"]
[BlackElo "2229"]
[Result "1-0"]
[Round "02"]
[TimeControl "180+1"]
[Date "2022.01.26"]
[WhiteClock "0:01:58"]
[BlackClock "0:00:18"]

1. e4 d5 2. exd5 Qxd5 3. Nf3 Bg4 4. Be2 Bxf3 5. Bxf3 Qe5+ 6. Be2 Nc6 7. O-O O-O-O 8. c3 Qd6 9. Na3 e5 10. d3 f5 11. Qa4 a6 12. b4 f4 13. b5 Nb8 14. Nc4 Qe6 15. bxa6 Nxa6 16. Bf3 Nf6 17. Qb5 c6 18. Qxe5 Qxe5 19. Nxe5 Re8 20. Nf7 Rg8 21. Bxf4 Nc5 22. d4 Nce4 23. c4 g5 24. Be3 g4 25. Be2 Ba3 26. Bd3 h5 27. Rab1 h4 28. Rb3 Bf8 29. Rfb1 g3 30. hxg3 hxg3 31. f3 Nd6 32. Ne5 Nd7 33. c5 Nxe5 34. dxe5 Rxe5 35. cxd6 Rxe3 36. Bf5+ Kd8 37. Rxe3 Bxd6 38. Rxb7 Bc5 39. Rb8+ Kc7 40. Rxg8 Bxe3+ 41. Kf1 Bf2 42. a4 c5 43. Bd3 Kb6 44. Bc4 Ka5 45. Rb8 Kxa4 46. f4 Bd4 47. f5 Ka3 48. Rb6 Ka4 49. f6 Ka5 50. Ra6+ Kb4 51. f7 Bg7 52. Be6 c4 53. Ra8 c3 54. f8=Q+ Bxf8 55. Rxf8 c2 56. Rc8 Ka3 57. Rxc2 Kb4 58. Rc4+ Kb3 59. Ke2 Kb2 60. Kd3 Ka3 61. Kc3 Ka2 62. Ra4+ Kb1 63. Bf5+ Kc1 64. Ra1# 1-0


[Site "https://www.chess.com"]

[Event "Titled Tuesday Blitz January 25 2022"]
[White "Sjugirov, Sanan"]
[Black "Bayramov, Zaur"]
[WhiteFideId "4189302"]
[BlackFideId "13405080"]
[WhiteElo "2602"]
[BlackElo "2166"]
[Result "1-0"]
[Round "02"]
[TimeControl "180+1"]
[Date "2022.01.26"]
[WhiteClock "0:00:05"]
[BlackClock "0:00:10"]

1. e4 g6 2. d4 Bg7 3. Nf3 d6 4. Bd3 c5 5. d5 Bg4 6. Nbd2 Nd7 7. h3 Bxf3 8. Nxf3 Ngf6 9. c4 O-O 10. O-O Re8 11. Re1 e5 12. dxe6 Rxe6 13. Bf4 h6 14. Qd2 Kh7 15. Rad1 Qe7 16. b3 Re8 17. Bg3 Qf8 18. Bc2 Nxe4 19. Bxe4 Rxe4 20. Rxe4 Rxe4 21. Bxd6 Qe8 22. Bg3 Nf6 23. Qa5 Nh5 24. Bh2 Bd4 25. Kf1 a6 26. Nxd4 cxd4 27. Qd5 Re2 28. Qxd4 Rxa2 29. Re1 Qf8 30. Qd7 b6 31. Bd6 Nf6 32. Qc6 Qd8 33. g3 Rd2 34. Bf4 Rd1 35. Rxd1 Qxd1+ 36. Kg2 Nh5 37. Be3 Qxb3 38. Qd5 Kg8 39. Qd8+ Kh7 40. Bd4 f6 41. Qe7+ Kg8 42. Qe8+ Kg7 43. Qe7+ Kg8 44. Qe6+ Kg7 45. Qd7+ Kg8 46. Qc8+ Kg7 47. Qc7+ Kg8 48. g4 Ng7 49. Qd8+ Kf7 50. Qxf6+ Ke8 51. Qxg6+ Kd8 52. Qxg7 Qxc4 53. Bxb6+ 1-0


[Site "https://www.chess.com"]

[Event "Titled Tuesday Blitz January 25 2022"]
[White "Stankovic, Ivan G"]
[Black "De Silva, L M S T"]
[WhiteFideId "902837"]
[BlackFideId "9953698"]
[WhiteElo "2195"]
[BlackElo "1631"]
[Result "0-1"]
[Round "02"]
[TimeControl "180+1"]
[Date "2022.01.26"]
[WhiteClock "0:00:11"]
[BlackClock "0:00:48"]

1. e4 e5 2. d4 exd4 3. Qxd4 Nc6 4. Qe3 Nf6 5. Nc3 Bb4 6. Bd2 O-O 7. O-O-O Re8 8. f3 d5 9. Qf2 dxe4 10. Bg5 Bd6 11. fxe4 Ng4 12. Qd2 f6 13. Bh4 Be6 14. h3 Nge5 15. Nf3 Qe7 16. Nd5 Qf7 17. Be2 Rad8 18. Rhf1 Ne7 19. Ng5 fxg5 20. Rxf7 Nxf7 21. Bxg5 Nxg5 22. Qxg5 Bxd5 23. exd5 Ng6 24. Qg4 Re7 25. Bb5 a6 26. Bd3 Ne5 27. Qh5 Nxd3+ 28. Rxd3 Rde8 29. Qf3 Rf7 30. Qg4 Rf2 31. Kd1 Bf4 32. Qe6+ Rxe6 33. dxe6 Bd6 0-1


[Site "https://www.chess.com"]

[Event "Titled Tuesday Blitz January 25 2022"]
[White "Stribuk, Artiom"]
[Black "Garcia Martin, Marta"]
[WhiteFideId "13515659"]
[BlackFideId "32084030"]
[WhiteElo "2224"]
[BlackElo "2102"]
[Result "1-0"]
[Round "02"]
[TimeControl "180+1"]
[Date "2022.01.26"]
[WhiteClock "0:00:09"]
[BlackClock "0:00:07"]

1. d4 b6 2. c4 Bb7 3. Nf3 e6 4. a3 Nf6 5. Nc3 d5 6. cxd5 Nxd5 7. Qc2 Nxc3 8. bxc3 Be7 9. e4 O-O 10. Bd3 c5 11. O-O Qc7 12. Qe2 Rd8 13. Bb2 Nd7 14. Rad1 Nf8 15. Ne5 Rac8 16. f4 cxd4 17. cxd4 f6 18. Ng4 Qd7 19. f5 exf5 20. Rxf5 Ng6 21. Rdf1 Rf8 22. Rh5 Qe6 23. Ne3 Bxe4 24. Bc4 Rxc4 25. Nxc4 Bd5 26. Qxe6+ Bxe6 27. Ne3 Rd8 28. h3 Bf7 29. Rhf5 Bf8 30. Kh1 Ne7 31. R5f2 Nd5 32. Nc4 Rc8 33. Rc1 Nf4 34. Rxf4 Rxc4 35. Rxc4 Bxc4 36. Rf2 Kf7 37. Rc2 b5 38. Kg1 Ke6 39. Kf2 Kd5 40. Ke3 Bd6 41. Rf2 g6 42. Rxf6 a5 43. Rf7 b4 44. axb4 axb4 45. Rxh7 b3 46. Rg7 1-0


[Site "https://www.chess.com"]

[Event "Titled Tuesday Blitz January 25 2022"]
[White "Sumaneev, Dmitry"]
[Black "Jobava, Baadur"]
[WhiteFideId "4125312"]
[BlackFideId "13601520"]
[WhiteElo "2576"]
[BlackElo "2617"]
[Result "0-1"]
[Round "02"]
[TimeControl "180+1"]
[Date "2022.01.26"]
[WhiteClock "0:00:43"]
[BlackClock "0:01:54"]

1. e4 c6 2. Nc3 d5 3. Nf3 Bg4 4. h3 Bxf3 5. Qxf3 e6 6. d3 Nd7 7. g3 g6 8. Bg2 h5 9. O-O Bh6 10. Bxh6 Nxh6 11. Rfe1 Kf8 12. a4 a5 13. Ne2 Qf6 14. Qxf6 Nxf6 15. e5 Nd7 16. Nd4 Nf5 17. Nxf5 gxf5 18. f4 h4 19. g4 fxg4 20. hxg4 Ke7 21. Kf2 Rag8 22. Bh3 Ra8 23. Rh1 Ra6 24. b3 Rb6 25. Bg2 Rb4 26. Kf3 f6 27. exf6+ Nxf6 28. Rh3 e5 29. Re1 Rxf4+ 30. Ke2 Nxg4 31. Bf3 Nf6 32. Ke3 Kd6 33. Reh1 b5 34. axb5 cxb5 35. Rg1 Rg8 36. Rgh1 a4 37. bxa4 bxa4 38. Rxh4 Rxh4 39. Rxh4 Ra8 40. Rh6 Ke7 41. Rh1 a3 42. Ra1 Kd6 43. Ra2 Kc5 44. c3 d4+ 45. cxd4+ exd4+ 46. Kd2 Ra7 47. Bd1 Kb4 48. Ra1 a2 49. Kc2 Nd5 50. Kb2 Nc3 51. Bb3 Rh7 52. Rf1 Rh2+ 53. Bc2 Na4+ 0-1


[Site "https://www.chess.com"]

[Event "Titled Tuesday Blitz January 25 2022"]
[White "Sviridov, Valery"]
[Black "Omelja, Artem"]
[WhiteFideId "4120680"]
[BlackFideId "14119846"]
[WhiteElo "2454"]
[BlackElo "2418"]
[Result "1-0"]
[Round "02"]
[TimeControl "180+1"]
[Date "2022.01.26"]
[WhiteClock "0:01:15"]
[BlackClock "0:00:02"]

1. Nf3 d5 2. g3 Nf6 3. Bg2 c6 4. O-O Bf5 5. c4 e6 6. cxd5 exd5 7. d3 h6 8. Nc3 Be7 9. Nd4 Bg6 10. e4 O-O 11. h3 c5 12. Nb3 d4 13. Ne2 Nc6 14. f4 c4 15. dxc4 Bxe4 16. Nexd4 Bxg2 17. Kxg2 Nxd4 18. Qxd4 Qc7 19. Be3 Rfd8 20. Qc3 Rac8 21. Rac1 Qc6+ 22. Kh2 Ne4 23. Qc2 f5 24. Nd4 Qg6 25. g4 fxg4 26. hxg4 Bh4 27. Rg1 Re8 28. Nf5 Bf6 29. Rce1 Qf7 30. b3 b5 31. Bc1 bxc4 32. Rxe4 Rxe4 33. Qxe4 cxb3 34. Nd6 bxa2 35. Nxf7 a1=Q 36. Nxh6+ gxh6 37. Qe6+ Kg7 38. Qd7+ Be7 39. Qxe7+ Kh8 40. Qe5+ Qxe5 41. fxe5 a5 42. Bxh6 Kg8 43. Ra1 Rc5 44. Bf4 Kf7 45. Rb1 Ke6 46. Rb6+ Ke7 47. Ra6 Rc4 48. Kg3 a4 49. Bg5+ Kf7 50. e6+ Kg6 51. e7+ Kf7 52. Rf6+ 1-0


[Site "https://www.chess.com"]

[Event "Titled Tuesday Blitz January 25 2022"]
[White "Sychev, Klementy"]
[Black "Nazaretyan, Tigran"]
[WhiteFideId "4114060"]
[BlackFideId "24162345"]
[WhiteElo "2564"]
[BlackElo "2192"]
[Result "1-0"]
[Round "02"]
[TimeControl "180+1"]
[Date "2022.01.26"]
[WhiteClock "0:00:21"]
[BlackClock "0:00:03"]

1. e4 c5 2. Nf3 d6 3. Bb5+ Bd7 4. Bxd7+ Qxd7 5. c4 e5 6. Nc3 Nc6 7. d3 Nge7 8. a3 a5 9. Rb1 g6 10. Qa4 Bg7 11. b4 O-O 12. bxc5 dxc5 13. Nd5 Rad8 14. Bg5 f6 15. Be3 Nxd5 16. cxd5 Nd4 17. Qxd7 Rxd7 18. a4 Rc8 19. Nd2 Nc2+ 20. Ke2 f5 21. Nc4 f4 22. Nb6 fxe3 23. Nxd7 Nd4+ 24. Kxe3 Bh6+ 25. f4 Bxf4+ 26. Kf2 c4 27. g3 Bh6 28. dxc4 Rxc4 29. Kg2 Rxa4 30. Rxb7 Ra2+ 31. Kh3 Bg5 32. Kg4 Be7 33. Nxe5 h5+ 34. Kh3 Bf6 35. Rc1 Rc2 36. Rxc2 Nxc2 37. Nc6 a4 38. e5 a3 39. exf6 a2 40. Rg7+ Kf8 41. Ne7 a1=Q 42. Nxg6+ Ke8 43. f7+ Kd7 44. f8=Q+ Qxg7 45. Qxg7+ Kd6 46. Qe5+ Kc5 47. d6+ Kc6 48. Qe4+ Kxd6 49. Qxc2 h4 50. Nxh4 Ke6 51. Nf3 Kd5 52. Kg4 Ke6 53. h4 Kf7 54. h5 Kg8 55. h6 Kh8 56. Qf5 Kg8 57. Ng5 1-0


[Site "https://www.chess.com"]

[Event "Titled Tuesday Blitz January 25 2022"]
[White "Taichman, Ori"]
[Black "Maksimovic, Bojan"]
[WhiteFideId "2804069"]
[BlackFideId "14408120"]
[WhiteElo "2227"]
[BlackElo "2450"]
[Result "0-1"]
[Round "02"]
[TimeControl "180+1"]
[Date "2022.01.26"]
[WhiteClock "0:00:39"]
[BlackClock "0:00:35"]

1. e4 g6 2. d4 Bg7 3. Nc3 d6 4. Bg5 a6 5. Qd2 b5 6. a4 b4 7. Nd5 a5 8. c3 h6 9. Bh4 Nf6 10. Nxf6+ exf6 11. Bd3 O-O 12. Ne2 c5 13. O-O Nc6 14. f4 Qb6 15. d5 Ne7 16. c4 g5 17. Bg3 Bd7 18. f5 Rfe8 19. b3 h5 20. h4 Bh6 21. hxg5 fxg5 22. Bh4 f6 23. Ng3 Kf7 24. Nxh5 Rh8 25. Qb2 Bg7 26. Nxg7 Rxh4 27. Ne6 Rah8 28. Kf2 Qb8 29. Rg1 Ng8 30. g3 Rh2+ 31. Rg2 R2h7 32. Rag1 Nh6 33. g4 Ke7 34. Be2 Nf7 35. Bf3 Ne5 36. Be2 Qg8 37. Qc1 Rh3 38. Qd1 Qh7 39. Rg3 Qh4 40. Qf1 Rxg3 41. Rxg3 Qh2+ 42. Qg2 Qh7 43. Bf1 Qh4 44. Kg1 Qh6 45. Rh3 Qxh3 46. Qxh3 Rxh3 47. Bxh3 Nd3 48. Bf1 Nc1 49. Nc7 Nxb3 50. Na6 Nd2 51. Bd3 b3 52. Kf2 b2 53. Ke3 b1=Q 54. Bxb1 Nxb1 55. Kd3 Na3 56. Kc3 Bxa4 57. Nb8 Kd8 58. Nc6+ Bxc6 59. dxc6 Kc7 60. Kb3 Nxc4 61. Kxc4 Kxc6 62. Kc3 Kb5 63. Kb3 a4+ 64. Kc3 c4 65. Kd4 a3 66. Kd5 a2 67. Ke6 a1=Q 68. Kf7 Qe5 69. Kg6 Kb4 70. Kh5 Kb3 71. Kg6 Kb2 72. Kh5 Kb1 73. Kg6 Ka1 74. Kh5 Ka2 75. Kg6 Ka3 76. Kh5 Ka4 77. Kg6 Ka5 78. Kh5 Ka6 79. Kg6 Ka7 80. Kh5 Ka8 81. Kg6 Kb8 82. Kh5 Kb7 83. Kg6 Kb6 84. Kf7 Kb5 85. Kg6 Kb4 86. Kh5 Kc3 87. Kg6 Kd3 88. Kh5 Ke3 89. Kg6 Kf3 90. Kh5 Kf2 91. Kg6 Kf1 92. Kh5 Kg1 93. Kg6 Kh1 94. Kh5 Kg2 95. Kg6 Kf3 96. Kh5 Kxe4 97. Kg6 d5 98. Kh5 d4 99. Kg6 d3 0-1


[Site "https://www.chess.com"]

[Event "Titled Tuesday Blitz January 25 2022"]
[White "Tristan, Leonardo"]
[Black "Guliev, Logman"]
[WhiteFideId "113816"]
[BlackFideId "13400061"]
[WhiteElo "2404"]
[BlackElo "2128"]
[Result "1-0"]
[Round "02"]
[TimeControl "180+1"]
[Date "2022.01.26"]
[WhiteClock "0:01:13"]
[BlackClock "0:00:20"]

1. d4 Nf6 2. Nf3 e6 3. Bf4 c5 4. c3 b6 5. e3 Bb7 6. Nbd2 Be7 7. h3 O-O 8. Bd3 d6 9. O-O Nbd7 10. Bh2 Re8 11. a4 Nf8 12. a5 Ng6 13. Bb5 Rf8 14. a6 Bxf3 15. Qxf3 d5 16. Rfd1 Bd6 17. Bg3 Rc8 18. Rac1 Qc7 19. Bxd6 Qxd6 20. Qe2 e5 21. dxe5 Qxe5 22. Nf3 Qh5 23. Nh2 Qg5 24. Ng4 Nxg4 25. Qxg4 Qxg4 26. hxg4 Rcd8 27. Rd2 Ne5 28. Rcd1 Nxg4 29. Rxd5 Rxd5 30. Rxd5 Nf6 31. Rd6 Rc8 32. f3 Kf8 33. e4 Ne8 34. Rd7 Ra8 35. Bc6 Rc8 36. Bb7 Rc7 37. Rd8 Ke7 38. Ra8 Nd6 39. Rxa7 f6 40. Ra8 Nxb7 41. Ra7 Kd7 42. axb7 1-0


[Site "https://www.chess.com"]

[Event "Titled Tuesday Blitz January 25 2022"]
[White "Vakhlamov, Igor L."]
[Black "Mortazavi, Ali"]
[WhiteFideId "24126748"]
[BlackFideId "401323"]
[WhiteElo "2401"]
[BlackElo "2339"]
[Result "1-0"]
[Round "02"]
[TimeControl "180+1"]
[Date "2022.01.26"]
[WhiteClock "0:00:23"]
[BlackClock "0:00:02"]

1. e4 c6 2. Nc3 d5 3. Nf3 dxe4 4. Nxe4 Nf6 5. Qe2 Be6 6. b3 g6 7. Nc5 Bc8 8. Bb2 Bg7 9. g3 Qd5 10. Nd3 Bf5 11. Nf4 Qe4 12. d3 Qb4+ 13. Qd2 Qxd2+ 14. Nxd2 Bh6 15. Ne2 O-O 16. Bg2 a5 17. Ne4 Nd5 18. a3 Na6 19. O-O Rad8 20. Rfe1 Rfe8 21. h3 Bg7 22. Bxg7 Kxg7 23. N2c3 Nxc3 24. Nxc3 Rd4 25. Re5 b6 26. Bxc6 Rc8 27. Nb5 Rdd8 28. Bb7 Rxc2 29. Bxa6 Rxd3 30. g4 Be6 31. Nc7 Rxh3 32. Nxe6+ fxe6 33. Rxe6 Rxb3 34. Rxe7+ Kh6 35. a4 Rbb2 36. Rf1 Rb4 37. Bb5 Rxg4+ 38. Kh2 Rc5 39. Re3 Kg5 40. Rg3 h5 41. f4+ Kh4 42. Rfg1 Rxg3 43. Rxg3 Rc2+ 44. Rg2 1-0


[Site "https://www.chess.com"]

[Event "Titled Tuesday Blitz January 25 2022"]
[White "Vokhidov, Shamsiddin"]
[Black "Stark, Lars"]
[WhiteFideId "14204223"]
[BlackFideId "4676386"]
[WhiteElo "2611"]
[BlackElo "2474"]
[Result "1-0"]
[Round "02"]
[TimeControl "180+1"]
[Date "2022.01.26"]
[WhiteClock "0:01:52"]
[BlackClock "0:00:07"]

1. e4 e6 2. d4 d5 3. e5 c5 4. c3 Nc6 5. Nf3 Bd7 6. Be2 Nge7 7. Na3 cxd4 8. cxd4 Nf5 9. Nc2 Qb6 10. O-O Rc8 11. Rb1 Na5 12. Bd3 Bb5 13. b4 Nc6 14. Qe2 Bxd3 15. Qxd3 h5 16. Bd2 Be7 17. a4 Kd7 18. Rfc1 g6 19. a5 Qd8 20. a6 b6 21. b5 Nb8 22. Nb4 Ke8 23. Rxc8 Qxc8 24. Rc1 Qd7 25. Qc2 Kf8 26. Qc7 Kg7 27. Qxd7 Nxd7 28. Rc7 Rd8 29. Nc6 1-0


[Site "https://www.chess.com"]

[Event "Titled Tuesday Blitz January 25 2022"]
[White "Vovk, Orest"]
[Black "Harshavardhan G B"]
[WhiteFideId "14113490"]
[BlackFideId "25059009"]
[WhiteElo "2203"]
[BlackElo "1831"]
[Result "1/2-1/2"]
[Round "02"]
[TimeControl "180+1"]
[Date "2022.01.26"]
[WhiteClock "0:00:04"]
[BlackClock "0:00:18"]

1. h4 e5 2. h5 d5 3. h6 Nxh6 4. d4 e4 5. Bxh6 gxh6 6. e3 c5 7. Ne2 Nc6 8. Nbc3 Be6 9. Rh5 Rg8 10. dxc5 Rg5 11. Nf4 Bg4 12. Rxg5 Bxd1 13. Rxd5 Qa5 14. Raxd1 Rd8 15. Bb5 Rxd5 16. Rxd5 Bg7 17. Ne2 a6 18. Bxc6+ bxc6 19. Rd2 Qxc5 20. Nxe4 Qa5 21. N4c3 Qb4 22. Nd1 Qg4 23. Kf1 h5 24. c3 h4 25. Nf4 Be5 26. Nh3 Qf5 27. Ke2 Qb1 28. a3 h6 29. f4 Bc7 30. Ndf2 f5 31. Kf3 Qc1 32. Ke2 Ke7 33. Nd3 Qh1 34. Kf2 Bb6 35. Re2 Kd6 36. Ne1 Qh2 37. Nf3 Qg3+ 38. Kf1 Kd5 39. Rd2+ Kc4 40. Re2 a5 41. Nd2+ Kd3 42. Nf3 Bxe3 43. Ne5+ Ke4 44. Nf3 Qg8 45. Nf2+ Kxf4 46. Nd3+ Ke4 47. Nf2+ Kd5 48. Rxe3 Kc4 49. Re2 Kb3 50. Nh3 Ka2 51. Nd4 Qc4 52. Nxf5 Qf7 53. Rf2 Qc4+ 54. Kg1 Qd3 55. b4+ Kxa3 56. bxa5 Qxc3 57. Nxh4 Qxa5 58. Nf3 Kb3 59. Rf1 c5 60. Nf2 c4 61. Rb1+ Kc2 62. Rd1 c3 63. Nd4+ Kb2 64. Nd3+ Ka2 65. Rc1 Qa4 66. Rc2+ Kb1 67. Rc1+ Ka2 68. Rc2+ Kb1 69. Rc1+ Ka2 1/2-1/2


[Site "https://www.chess.com"]

[Event "Titled Tuesday Blitz January 25 2022"]
[White "Vusatiuk, Vladimir"]
[Black "Eljanov, Pavel"]
[WhiteFideId "14118610"]
[BlackFideId "14102951"]
[WhiteElo "2157"]
[BlackElo "2601"]
[Result "0-1"]
[Round "02"]
[TimeControl "180+1"]
[Date "2022.01.26"]
[WhiteClock "0:00:02"]
[BlackClock "0:00:26"]

1. d4 Nf6 2. c4 e6 3. Nc3 Bb4 4. e3 O-O 5. Bd2 d5 6. Nf3 b6 7. cxd5 exd5 8. Rc1 Bb7 9. Bd3 Nbd7 10. Ne5 Nxe5 11. dxe5 Nd7 12. f4 Nc5 13. Bb1 d4 14. exd4 Qxd4 15. Qe2 Rad8 16. Be3 Nd3+ 17. Bxd3 Qxd3 18. O-O Qxe2 19. Nxe2 Bd2 20. Bxd2 Rxd2 21. Rf2 c5 22. Nc3 Rfd8 23. Rc2 R2d4 24. h4 Bc6 25. Kh2 h5 26. a3 Kh7 27. Ne2 Rd2 28. Ng3 Rxf2 29. Rxf2 g6 30. f5 Kg7 31. e6 fxe6 32. fxe6 Rf8 33. Rd2 Kf6 34. Rd6 Be8 35. Ne4+ Ke7 36. b4 cxb4 37. axb4 Rf4 38. Rd4 Bc6 39. Rc4 Bxe4 40. g3 Rf2+ 41. Kg1 Rf1+ 42. Kxf1 Bd3+ 43. Kf2 Bxc4 0-1


[Site "https://www.chess.com"]

[Event "Titled Tuesday Blitz January 25 2022"]
[White "Wagner, Dennis"]
[Black "Papp, Petra"]
[WhiteFideId "24650684"]
[BlackFideId "739049"]
[WhiteElo "2355"]
[BlackElo "2259"]
[Result "1-0"]
[Round "02"]
[TimeControl "180+1"]
[Date "2022.01.26"]
[WhiteClock "0:00:21"]
[BlackClock "0:00:07"]

1. d4 Nf6 2. Nf3 g6 3. c4 Bg7 4. Nc3 d5 5. h4 c6 6. cxd5 cxd5 7. Bf4 Nc6 8. e3 O-O 9. Qb3 b6 10. Rc1 Na5 11. Qb4 Bf5 12. Ne5 Ne4 13. Nxe4 Bxe4 14. f3 Bf5 15. g4 Be6 16. Ba6 f6 17. Nd3 Bc8 18. Bb5 Bd7 19. b3 Kh8 20. h5 g5 21. h6 Bxh6 22. Bc7 Qe8 23. Bxd7 Qxd7 24. Rxh6 Rac8 25. Bg3 Rxc1+ 26. Nxc1 f5 27. Be5+ Kg8 28. Rh5 h6 29. Rxh6 fxg4 30. Rg6+ Kf7 31. Rg7+ Ke8 32. fxg4 Qxg4 33. Qxe7# 1-0


[Site "https://www.chess.com"]

[Event "Titled Tuesday Blitz January 25 2022"]
[White "Weishaeutel, Moritz"]
[Black "Hess, Robert"]
[WhiteFideId "12967300"]
[BlackFideId "2022036"]
[WhiteElo "2002"]
[BlackElo "2557"]
[Result "1/2-1/2"]
[Round "02"]
[TimeControl "180+1"]
[Date "2022.01.26"]
[WhiteClock "0:00:08"]
[BlackClock "0:00:05"]

1. e4 g6 2. h4 d5 3. exd5 Nf6 4. d4 Qxd5 5. Nc3 Qa5 6. Nf3 Bg4 7. Be2 Nc6 8. Be3 O-O-O 9. Ng5 Be6 10. O-O Bg7 11. Bf3 Bc4 12. Bxc6 bxc6 13. Re1 h6 14. Nge4 Nxe4 15. Nxe4 f5 16. Nc5 e5 17. Qf3 exd4 18. Nb3 Qd5 19. Qxd5 Rxd5 20. Bf4 d3 21. cxd3 Bxd3 22. Re7 g5 23. Bh2 Bxb2 24. Rxc7+ Kd8 25. Rd1 f4 26. Rxa7 Kc8 27. Ra8+ Kc7 28. Rxh8 Bxh8 29. hxg5 hxg5 30. g3 Be5 31. gxf4 gxf4 32. Nc1 Bc4 33. Rxd5 Bxd5 34. Ne2 Bxa2 35. Bxf4 Kd6 36. Bxe5+ Kxe5 37. Kf1 Bc4 38. Ke1 Ke4 39. Kd2 c5 40. Nc3+ Kf3 41. Na4 Kxf2 42. Nxc5 1/2-1/2


[Site "https://www.chess.com"]

[Event "Titled Tuesday Blitz January 25 2022"]
[White "Willow, Jonah B"]
[Black "Putnam, Liam"]
[WhiteFideId "438804"]
[BlackFideId "30938279"]
[WhiteElo "2261"]
[BlackElo "2035"]
[Result "1-0"]
[Round "02"]
[TimeControl "180+1"]
[Date "2022.01.26"]
[WhiteClock "0:02:11"]
[BlackClock "0:00:24"]

1. e4 c5 2. Nf3 d6 3. Nc3 Nf6 4. e5 dxe5 5. Nxe5 a6 6. g3 Qd6 7. Nc4 Qc6 8. Rg1 Bg4 9. Be2 Bxe2 10. Qxe2 e6 11. d3 Nbd7 12. Bf4 Be7 13. O-O-O b5 14. Ne5 Nxe5 15. Bxe5 O-O 16. g4 Rfd8 17. Kb1 b4 18. Bxf6 Bxf6 19. Ne4 Be7 20. g5 Rd4 21. Qh5 Rd5 22. Qh4 Kh8 23. Rg3 c4 24. Nf6 gxf6 25. Rh3 h5 26. Qxh5+ Kg7 27. Qh6+ Kg8 28. Qh8# 1-0


[Site "https://www.chess.com"]

[Event "Titled Tuesday Blitz January 25 2022"]
[White "Yaksin, Oleg"]
[Black "Seletsky, Grigory"]
[WhiteFideId "24105880"]
[BlackFideId "14112191"]
[WhiteElo "2256"]
[BlackElo "2492"]
[Result "0-1"]
[Round "02"]
[TimeControl "180+1"]
[Date "2022.01.26"]
[WhiteClock "0:00:14"]
[BlackClock "0:00:08"]

1. d4 d5 2. c4 c6 3. Nf3 Nf6 4. Qb3 Qb6 5. c5 Qd8 6. Bf4 g6 7. e3 Bg7 8. Nc3 O-O 9. h3 Nbd7 10. g4 b6 11. cxb6 axb6 12. Ne5 Nxe5 13. Bxe5 Ba6 14. Bxa6 Rxa6 15. O-O e6 16. Rac1 c5 17. dxc5 bxc5 18. Qb5 Ra5 19. Qe2 Qa8 20. a3 c4 21. Rfd1 h5 22. g5 Ne8 23. Bxg7 Nxg7 24. e4 Rd8 25. Rd4 dxe4 26. Rxd8+ Qxd8 27. h4 Nf5 28. Nxe4 Nxh4 29. Nf6+ Kg7 30. f4 Qd4+ 31. Qf2 Qd3 32. Rc3 Qb1+ 33. Kh2 Nf5 34. Rxc4 Ra8 35. b4 Qb3 36. Rc7 Qxa3 37. b5 Qd6 38. Qb2 Qxf4+ 39. Kg1 Qxg5+ 40. Kf2 Qxf6 41. Qxf6+ Kxf6 42. b6 Rb8 43. b7 Nd6 44. Kf3 Nxb7 45. Rc6 Nd6 46. Rxd6 Rb5 47. Rd7 Rf5+ 48. Ke4 g5 49. Rd8 g4 50. Rh8 Kg5 51. Rg8+ Kh4 52. Rg7 Kg3 53. Ke3 h4 54. Rh7 h3 55. Rh8 h2 56. Rh6 Kg2 57. Rh4 g3 58. Rg4 h1=Q 59. Rxg3+ Kxg3 60. Kd4 Qd5+ 61. Ke3 Rf3+ 62. Ke2 Qd3+ 63. Ke1 Rf1# 0-1


[Site "https://www.chess.com"]

[Event "Titled Tuesday Blitz January 25 2022"]
[White "Yang, Kaiqi"]
[Black "Nesterov, Arseniy"]
[WhiteFideId "8604398"]
[BlackFideId "24198455"]
[WhiteElo "2373"]
[BlackElo "2489"]
[Result "0-1"]
[Round "02"]
[TimeControl "180+1"]
[Date "2022.01.26"]
[WhiteClock "0:00:03"]
[BlackClock "0:00:03"]

1. c4 e5 2. g3 Nc6 3. Bg2 Bc5 4. Nc3 d6 5. e3 Nge7 6. Nge2 a6 7. d4 Ba7 8. O-O O-O 9. b3 exd4 10. Nxd4 Nxd4 11. exd4 Nf5 12. d5 Bd7 13. Qd3 Re8 14. Bb2 Qf6 15. Rae1 Rxe1 16. Rxe1 Nh4 17. Nd1 Qg6 18. Be4 Re8 19. Re2 f5 20. Bh1 Rxe2 21. Qxe2 f4 22. Be4 Bf5 23. Bxf5 Nxf5 24. Kg2 h5 25. Qe6+ Qxe6 26. dxe6 fxg3 27. hxg3 Bd4 28. Bc1 Kf8 29. Bg5 Bf6 30. Bxf6 gxf6 31. Nc3 c6 32. Kf3 Ke7 33. g4 hxg4+ 34. Kxg4 Kxe6 35. Ne4 Nd4 36. Ng3 Ke5 37. Nh5 Ne2 38. Kf3 Nc3 39. a3 Ne4 40. Ng7 Ng5+ 41. Ke3 Ne6 42. Ne8 d5 43. cxd5 cxd5 44. b4 d4+ 45. Kd3 Nf4+ 46. Kc4 b5+ 47. Kb3 Ne6 48. f3 f5 49. Kc2 Kf4 50. Nd6 Kxf3 51. Nxf5 Ke4 52. Nd6+ Ke3 53. Kd1 d3 54. Nf5+ Ke4 55. Nd6+ Kd4 56. Ne8 Kc3 57. Nf6 Kb3 58. Ne4 Kxa3 59. Nc5 Nc7 60. Nxd3 Nd5 61. Kc1 Nxb4 62. Nc5 a5 63. Kb1 Nd5 64. Nd3 Kb3 65. Ka1 a4 66. Nc5+ Kb4 67. Nd3+ Kc3 68. Ne5 b4 69. Nc6 b3 70. Kb1 a3 71. Na5 Nb4 72. Ka1 Nc2+ 73. Kb1 a2+ 74. Kc1 a1=Q# 0-1


[Site "https://www.chess.com"]

[Event "Titled Tuesday Blitz January 25 2022"]
[White "Yuan, Qingyu"]
[Black "Urbina Perez, Juan Antonio"]
[WhiteFideId "8609772"]
[BlackFideId "2217368"]
[WhiteElo "2359"]
[BlackElo "2192"]
[Result "1/2-1/2"]
[Round "02"]
[TimeControl "180+1"]
[Date "2022.01.26"]
[WhiteClock "0:00:43"]
[BlackClock "0:01:33"]

1. Nf3 d5 2. g3 c6 3. Bg2 g6 4. O-O Bg7 5. d3 Nf6 6. Nbd2 O-O 7. e4 Bg4 8. h3 Bxf3 9. Qxf3 dxe4 10. dxe4 e5 11. Rd1 Qe7 12. Nc4 Nbd7 13. a4 Nb6 14. Nxb6 axb6 15. Qb3 b5 16. Be3 bxa4 17. Rxa4 Rxa4 18. Qxa4 Rd8 19. Ra1 h6 20. Qb3 b5 21. Qc3 Qe6 22. Kh2 Bf8 23. Ra6 Rc8 24. Qd3 Kg7 25. Qd2 Kh7 26. Qd3 Kg7 27. Ra7 h5 28. Qd2 Kg8 29. Qd3 Kg7 30. Bg5 Nh7 31. Be3 Nf6 1/2-1/2


[Site "https://www.chess.com"]

[Event "Titled Tuesday Blitz January 25 2022"]
[White "Zakhartsov, Vladimir"]
[Black "Tsyhanchuk, Stanislav"]
[WhiteFideId "4145097"]
[BlackFideId "13505130"]
[WhiteElo "2432"]
[BlackElo "2078"]
[Result "1-0"]
[Round "02"]
[TimeControl "180+1"]
[Date "2022.01.26"]
[WhiteClock "0:00:17"]
[BlackClock "0:00:18"]

1. d4 d5 2. c4 c6 3. Nf3 Nf6 4. Nc3 dxc4 5. a4 Bf5 6. Ne5 Nbd7 7. Nxc4 Qc7 8. g3 e5 9. dxe5 Nxe5 10. Bf4 Nfd7 11. Qc1 g5 12. Bxe5 Nxe5 13. Qe3 Bg7 14. f4 gxf4 15. gxf4 O-O-O 16. fxe5 Be6 17. Bh3 Bxh3 18. Qxh3+ Kb8 19. Rg1 Bf8 20. Rd1 Bb4 21. Rd3 Rxd3 22. Qxd3 Rd8 23. Qxh7 b5 24. Ne3 Qd7 25. Kf2 Qc7 26. Qe4 Re8 27. Qxb4 Qxe5 28. Nf1 Qf5+ 29. Ke1 a5 30. Qd4 b4 31. Qb6+ Kc8 32. Qxc6+ Kd8 33. Qd5+ Qxd5 34. Nxd5 Re5 35. Nfe3 Rh5 36. Rg2 Re5 37. Rf2 Ke8 38. Rf5 Re4 39. Nf6+ Ke7 40. Nxe4 Ke6 41. Rxa5 Ke7 42. Rf5 Kf8 43. a5 Kg7 44. a6 Kh7 45. a7 Kh6 46. a8=Q Kg6 47. Qg8+ Kh6 48. Qg5+ Kh7 49. Rxf7+ Kh8 50. Qg7# 1-0


[Site "https://www.chess.com"]

[Event "Titled Tuesday Blitz January 25 2022"]
[White "Zarubitski, Viachaslau"]
[Black "Sjoberg, Isak"]
[WhiteFideId "13509373"]
[BlackFideId "1521640"]
[WhiteElo "2325"]
[BlackElo "2016"]
[Result "1-0"]
[Round "02"]
[TimeControl "180+1"]
[Date "2022.01.26"]
[WhiteClock "0:01:42"]
[BlackClock "0:00:44"]

1. d4 Nf6 2. c4 e6 3. Nf3 c5 4. d5 exd5 5. cxd5 d6 6. Nc3 g6 7. h3 Bg7 8. Bf4 O-O 9. e3 Na6 10. Be2 Nc7 11. O-O Qe7 12. Bh2 Rb8 13. a4 b6 14. Nd2 Nfe8 15. Nc4 Ba6 16. Qc2 Bxc4 17. Bxc4 a6 18. Be2 f5 19. Rab1 b5 20. b4 c4 21. Bf3 Nf6 22. Rfe1 bxa4 23. Nxa4 Qd7 24. Qxc4 Rfc8 25. Qa2 Kh8 26. Rec1 Ncxd5 27. Bxd5 Nxd5 28. Qxd5 Qxa4 29. Bxd6 Rd8 30. Qc5 Ra8 31. Be5 Qd7 32. Bxg7+ Qxg7 33. Qc6 Rdb8 34. Ra1 Qb2 35. Rab1 Qe5 36. Rc5 Rc8 37. Qxa8 Qxc5 38. Qxa6 Ra8 39. Qxa8+ 1-0


[Site "https://www.chess.com"]